 Dungeon Crawl Stone Soup version 0.17.0-28-g6e173f8 (webtiles) character file.

15702 sugabear the Blocker (level 12, -10/73 HPs)
             Began as a Gargoyle Fighter on Nov 26, 2015.
             Was an Elder of Qazlal.
             Killed from afar by a tengu reaver (50 damage)
             ... with a fireball
             ... on level 12 of the Dungeon.
             The game lasted 00:28:40 (12051 turns).

sugabear the Blocker (Gargoyle Fighter)            Turns: 12051, Time: 00:28:40

Health: -10/73     AC: 15    Str: 34    XL:     12   Next: 29%
Magic:  20/20      EV: 17    Int:  9    God:    Qazlal [****..]
Gold:   328        SH: 18    Dex:  9    Spells: 0 memorised, 21 levels left

rFire  . . .     SeeInvis +     I - +3 war axe of Gemirr {chop, Str+9}
rCold  . . .     Clarity  .     J - +0 leather armour "Zoolemif" {Regen+ Slay+4}
rNeg   + . .     SustAt   .     c - +0 shield
rPois  ∞         Gourm    .     (no helmet)
rElec  +         Spirit   .     r - +2 cloak
rCorr  .         Warding  .     (no gloves)
rMut   .         Stasis   .     (no boots)
MR     .....                    (no amulet)
Stlth  +.........               y - +4 ring of evasion
                                t - ring of see invisible

@: repel missiles, not resistant to hostile enchantments, very unstealthy
A: talons 1, negative energy resistance 1, electricity resistance, unbreathing,
petrification resistance, rot immunity, subdued magic 1, AC +8
a: Upheaval, Elemental Force, Renounce Religion


You were on level 12 of the Dungeon.
You worshipped Qazlal.
Qazlal was greatly pleased with you.
You were not hungry.

You visited 2 branches of the dungeon, and saw 14 of its levels.

You collected 571 gold pieces.
You spent 243 gold pieces at shops.

Inventory:

Hand Weapons
 a - a +0 war axe
 I - the +3 war axe of Gemirr (weapon) {chop, Str+9}
   (You bought it in a shop on level 6 of the Dungeon)

   It inflicts extra damage upon your enemies.
   It affects your strength (+9).
Armour
 c - a +0 shield (worn)
 g - a +2 ring mail of fire resistance
 r - a +2 cloak (worn)
 J - the +0 leather armour "Zoolemif" (worn) {Regen+ Slay+4}
   (You found it on level 7 of the Dungeon)

   It affects your accuracy and damage with ranged weapons and melee attacks
   (+4).
   It increases your rate of regeneration.
Rods
 E - a -1 lightning rod (14/14)
   (You found it on level 6 of the Dungeon)
Jewellery
 t - a ring of see invisible (left hand)
 y - a +4 ring of evasion (right hand)
Wands
 v - a wand of confusion (37)
 A - a wand of flame (38)
 M - a wand of slowing (20)
Scrolls
 i - a scroll of fear
 n - 8 scrolls of identify
 o - 6 scrolls of remove curse
 p - 5 scrolls of magic mapping
 s - 6 scrolls of enchant armour
 u - 3 scrolls of blinking
 D - a scroll of teleportation
 K - a scroll of immolation
 O - 2 scrolls of amnesia
 P - a scroll of summoning
 Q - a scroll of enchant weapon {unknown}
 S - a scroll of vulnerability {unknown}
Potions
 b - 4 potions of haste {unknown}
 d - a potion of might
 h - 2 potions of lignification {unknown}
 j - 3 potions of poison {unknown}
 l - 5 potions of brilliance {unknown}
 m - a potion of mutation {unknown}
 q - a potion of magic {unknown}
 w - 5 potions of curing
 x - 2 potions of flight {unknown}
 z - a potion of berserk rage {unknown}
 B - a potion of heal wounds {unknown}
 G - a potion of ambrosia {unknown}
 N - 7 potions of degeneration {unknown}
Books
 C - a book of Unlife

   Spells                             Type                      Level
   a - Recall                         Summoning/Translocation      3
   b - Animate Dead                   Necromancy                   4
   c - Control Undead                 Necromancy                   4
   d - Cigotuvi's Embrace             Necromancy                   5
   e - Death Channel                  Necromancy                   6
   f - Simulacrum                     Ice/Necromancy               6
Miscellaneous
 H - a phial of floods (inert)
Comestibles
 e - 9 bread rations
 f - 8 meat rations
 k - 2 slices of pizza
 F - 6 fruits
 L - 7 beef jerkies
 R - 5 chunks of flesh


   Skills:
 + Level 7.7 Fighting
 + Level 7.3 Axes
 + Level 5.9 Armour
 + Level 7.1 Dodging
 - Level 1.0 Stealth
 + Level 9.7 Shields
 * Level 5.3 Spellcasting
 * Level 7.8 Invocations
 * Level 5.8 Evocations


You had 21 spell levels left.
You didn't know any spells.

Dungeon Overview and Level Annotations

Branches:
Dungeon (13/15)            Temple (1/1) D:4            Lair (0/8) D:8
    Orc (0/4) D:12
 Vaults: D:13-14

Altars:
Ashenzari
Cheibriados
Dithmenos
Elyvilon
Fedhas
Gozag
Kikubaaqudgha
Makhleb
Nemelex Xobeh
Okawaru
Qazlal
Ru
Sif Muna
Trog
Vehumet
Xom
Yredelemnul
Zin
The Shining One

Shops:
D:4 *   D:6 *!   D:7 }=


Innate Abilities, Weirdness & Mutations

You are resistant to torment.
Your stone body is resilient (AC +8).
You are immune to poison.
You resist negative energy.
You are resistant to electric shocks.
You can survive without breathing.
You are immune to petrification.
You are immune to rotting.
You have sharp toenails.
Your spells are a little easier to cast, but a little less powerful.


Message History

The tengu reaver conjures a globe of magical energy!
You miss the tengu reaver. Your kick misses the tengu reaver.
The tengu reaver is lightly wounded.
You hit the battlesphere.
The battlesphere is lightly damaged.
You block the tengu reaver's attack. The tengu reaver pecks you.
The tengu reaver claws you but does no damage.
A slime creature and a wraith come into view.
Unknown command.
You hear an angry buzzing noise.
You hear a shout!
The tengu reaver points at you and mumbles some strange words.
The bolt of magma hits you!
You hear a shout!
A manticore comes into view.
The tengu reaver casts a spell at you.
The fireball explodes!
The fireball engulfs you! The tengu reaver casts a spell at you.
The fireball explodes!
The fireball engulfs you!
Ouch! That really hurt!
You die...

##.#.#.§...#
##.#.#....#
##.#.#.§.#
##.#.#§.# ##.#.#.#
####.## #.#.#
####.## ##.#@#.#
##.#.#..# ..
##.#.#...# # ..
##.#Q#§...# .# .
##*#*#.....# ..#.#
##.#W#...#..# #..#J
##.#.#)..##..#
#.§J##.#o#...###..#
#.o.#H#.#.........#


You could see a tengu reaver, an orc knight and a wraith.

Vanquished Creatures
  Erica (D:8)
  The ghost of MoronicCinamun the Markself, a journeyman HEAM of Okawaru (D:10)
  4 hill giants
  2 ugly things (D:11)
  Maurice (D:12)
  A centaur zombie (D:10)
  2 gargoyles (D:11)
  A troll (D:11)
  2 komodo dragons
  A kobold demonologist (D:11)
  A trapdoor spider (D:12)
  A wyvern (D:11)
  14 yaks
  2 deep elf magi
  A deep elf fighter (D:12)
  A hungry ghost (D:12)
  Menkaure (D:4)
  A steam dragon (D:8)
  Edmund (D:4)
  The ghost of sugabear the Shield-Bearer, an amateur GrFi (D:3)
  3 orc warriors
  Duvessa (D:5)
  2 eyes of draining (D:5)
  2 ice beasts
  8 ogres
  2 sky beasts
  7 centaurs
  8 phantoms
  A big kobold (D:10)
  7 giant frogs
  A crocodile (D:12)
  2 wyvern zombies
  Dowan (D:5)
  A water moccasin zombie (D:7)
  2 scorpions
  3 killer bees (D:9)
  An electric eel (D:6)
  A wasp zombie (D:11)
  A quasit (D:12)
  4 giant frog skeletons
  5 crimson imps
  Crazy Yiuf (D:4)
  4 centaur skeletons
  4 orc priests
  4 hounds
  3 jellies
  5 orc wizards
  An iguana (D:10)
  3 worker ants
  A killer bee zombie (D:5)
  A hound zombie (D:10)
  11 adders
  7 gnolls
  3 shadow imps
  2 adder skeletons
  3 worms (D:2)
  5 giant geckos
  22 orcs
  8 bats
  3 giant cockroaches
  14 goblins
  8 hobgoblins
  16 jackals
  5 quokkas
  A ball python skeleton (D:4)
  A giant gecko skeleton (D:7)
  5 giant newts
  2 gnoll zombies (D:3)
  A jackal skeleton (D:8)
  12 kobolds
  6 rats
  2 plants (D:8)
267 creatures vanquished.

Vanquished Creatures (collateral kills)
  A hydra (D:12)
  A hippogriff (D:12)
  A hungry ghost (D:12)
3 creatures vanquished.

Vanquished Creatures (others)
  A plant (D:8)
1 creature vanquished.

Grand Total: 271 creatures vanquished

Notes
Turn   | Place    | Note
--------------------------------------------------------------
     0 | D:1      | sugabear the Gargoyle Fighter began the quest for the Orb.
     0 | D:1      | Reached XP level 1. HP: 14/14 MP: 1/1
     2 | D:1      | Noticed a vine stalker
     2 | D:1      | Noticed a dwarf
     4 | D:1      | Noticed a human
     6 | D:1      | Noticed a demigod
     8 | D:1      | Noticed an elf
     8 | D:1      | Noticed a draconian
    10 | D:1      | Noticed a centaur
    10 | D:1      | Noticed an ogre
    12 | D:1      | Noticed a felid
    12 | D:1      | Noticed a spriggan
    16 | D:1      | Noticed a troll
    16 | D:1      | Noticed a merfolk
    18 | D:1      | Noticed a gargoyle
    18 | D:1      | Noticed a ghoul
    20 | D:1      | Noticed a naga
    20 | D:1      | Noticed a minotaur
    22 | D:1      | Noticed a tengu
    22 | D:1      | Noticed an octopode
    24 | D:1      | Noticed a formicid
    24 | D:1      | Noticed a vampire
    26 | D:1      | Noticed a demonspawn
   151 | D:1      | Reached XP level 2. HP: 17/20 MP: 2/2
   409 | D:1      | Reached XP level 3. HP: 16/24 MP: 3/3
  1138 | D:2      | Reached skill level 4 in Fighting
  1157 | D:2      | Reached skill level 1 in Dodging
  1174 | D:2      | Reached XP level 4. HP: 24/29 MP: 4/4
  1252 | D:2      | Found a glowing golden altar of the Shining One.
  1279 | D:1      | HP: 1/29 [gnoll (5)]
  1672 | D:2      | Reached XP level 5. HP: 33/33 MP: 5/5
  2257 | D:3      | Found a basalt altar of Yredelemnul.
  2439 | D:3      | Noticed sugabear's ghost (amateur GrFi)
  2473 | D:3      | Killed sugabear's ghost
  2473 | D:3      | Reached XP level 6. HP: 27/39 MP: 6/6
  2579 | D:3      | Found an ancient bone altar of Kikubaaqudgha.
  3296 | D:4      | Reached skill level 1 in Stealth
  3569 | D:4      | Reached skill level 5 in Fighting
  3569 | D:4      | Reached XP level 7. HP: 39/44 MP: 7/7
  3589 | D:5      | Entered Level 5 of the Dungeon
  3615 | D:4      | Noticed Edmund
  3647 | D:4      | Killed Edmund
  3647 | D:4      | Reached skill level 5 in Shields
  3679 | D:4      | Found a staircase to the Ecumenical Temple.
  3690 | Temple   | Entered the Ecumenical Temple
  3782 | Temple   | Became a worshipper of Qazlal Stormbringer
  4208 | D:4      | Found Fuces's General Store.
  4224 | D:4      | Bought a potion of curing for 33 gold pieces
  4224 | D:4      | Bought a scroll of remove curse for 33 gold pieces
  4224 | D:4      | Bought a scroll of identify for 22 gold pieces
  4224 | D:4      | Bought a scroll of random uselessness for 11 gold pieces
  4421 | D:4      | Reached skill level 1 in Invocations
  4450 | D:4      | Reached XP level 8. HP: 38/50 MP: 9/9
  4493 | D:4      | Noticed Menkaure
  4503 | D:4      | Killed Menkaure
  4667 | D:4      | Noticed Crazy Yiuf
  4677 | D:4      | Killed Crazy Yiuf
  4855 | D:5      | Noticed Duvessa
  4855 | D:5      | Noticed Dowan
  4869 | D:5      | Killed Duvessa
  4875 | D:5      | Killed Dowan
  5036 | D:5      | Found a bloodstained altar of Trog.
  5056 | D:5      | Reached skill level 6 in Shields
  5990 | D:6      | Reached XP level 9. HP: 55/55 MP: 11/11
  6050 | D:6      | Found Teileo Poygh's Distillery.
  6436 | D:6      | Found Gero's Antique Weapon Boutique.
  6519 | D:6      | Reached * piety under Qazlal
  6627 | D:6      | Reached skill level 5 in Dodging
  6641 | D:6      | Found a snail-covered altar of Cheibriados.
  6659 | D:6      | Found Vuecehog's Assorted Antiques.
  6819 | D:6      | Found a sacrificial altar of Ru.
  7163 | D:7      | Found Viteif's Jewellery Shoppe.
  7175 | D:7      | Reached skill level 5 in Armour
  7323 | D:6      | Bought a steaming war axe for 144 gold pieces
  7323 | D:6      | Identified the cursed +3 war axe of Gemirr {chop, Str+9} (You bought it in a shop on level 6 of the Dungeon)
  7386 | D:7      | Found Daneneus's Gadget Shoppe.
  7390 | D:7      | Reached skill level 1 in Evocations
  7428 | D:7      | Got a scorched leather armour
  7445 | D:7      | Identified the cursed +0 leather armour "Zoolemif" {Regen+ Slay+4} (You found it on level 7 of the Dungeon)
  7631 | D:7      | Reached skill level 1 in Spellcasting
  7853 | D:7      | Reached skill level 5 in Axes
  7927 | D:7      | Found a shadowy altar of Dithmenos.
  8086 | D:8      | Reached skill level 7 in Shields
  8139 | D:8      | Found a sacrificial altar of Ru.
  8197 | D:8      | Reached ** piety under Qazlal
  8203 | D:8      | Noticed Erica
  8209 | D:8      | Killed Erica
  8209 | D:8      | Reached skill level 5 in Invocations
  8209 | D:8      | Reached XP level 10. HP: 61/61 MP: 13/13
  8438 | D:8      | Found a staircase to the Lair.
  8439 | D:8      | Noticed a komodo dragon
  8450 | D:8      | Killed a komodo dragon
  8984 | D:10     | Entered Level 10 of the Dungeon
  8991 | D:10     | Noticed MoronicCinamun's ghost (journeyman HEAM)
  9017 | D:10     | Reached skill level 8 in Shields
  9027 | D:10     | Killed MoronicCinamun's ghost
  9072 | D:8      | Reached *** piety under Qazlal
  9247 | D:9      | Reached XP level 11. HP: 27/67 MP: 16/16
  9871 | D:10     | Noticed a hill giant
  9879 | D:10     | Killed a hill giant
 10861 | D:11     | HP: 2/67 [burnt (3)]
 11041 | D:11     | Gained mutation: Your spells are a little easier to cast, but a little less powerful. [mutagenic meat]
 11045 | D:11     | Gained mutation: You have sharp toenails. [mutagenic meat]
 11169 | D:11     | Reached skill level 9 in Shields
 11255 | D:12     | Found a staircase to the Orcish Mines.
 11594 | D:12     | Noticed Maurice
 11599 | D:12     | Killed Maurice
 11628 | D:12     | Noticed a six-headed hydra
 11637 | D:12     | Reached **** piety under Qazlal
 11637 | D:12     | Reached skill level 5 in Evocations
 11654 | D:12     | Noticed a hill giant
 11659 | D:12     | Killed a hill giant
 11703 | D:12     | Killed a six-headed hydra
 11703 | D:12     | Reached skill level 5 in Spellcasting
 11703 | D:12     | Reached XP level 12. HP: 61/72 MP: 12/19
 11790 | D:12     | Noticed a hill giant
 11793 | D:12     | Killed a hill giant
 12020 | D:12     | Noticed a hill giant
 12025 | D:12     | Killed a hill giant
 12035 | D:12     | Noticed a tengu reaver
 12035 | D:12     | Noticed an orc knight
 12051 | D:12     | Killed from afar by a tengu reaver

Action                   |  1- 3 |  4- 6 |  7- 9 | 10-12 || total
-------------------------+-------+-------+-------+-------++-------
Melee: War axe           |   161 |   168 |   374 |   324 ||  1027
Invok: Elemental Force   |       |       |       |     1 ||     1
Evoke: Rod               |       |       |       |     9 ||     9
       Phial of floods   |       |       |       |     1 ||     1
  Use: Scroll            |       |       |     1 |    10 ||    11
       Potion            |       |       |       |     1 ||     1
  Eat: Chunk             |     1 |     8 |    14 |    15 ||    38
       Pizza             |       |       |     1 |       ||     1
